 Dungeon Sprint DCSS version 0.28-a0-479-g5baa6b73be (webtiles) character file.

Game seed: 17961110174693997151

22 MikeHunt the Insei (level 2, -1/36 HPs)
             Began as a Demonspawn Chaos Knight on Sept 17, 2021.
             Was a Plaything of Xom.
             Slain by a water elemental (2 damage)
             ... in the Dungeon (Sprint III: "The Ten Rune Challenge").
             The game lasted 00:01:36 (320 turns).

MikeHunt the Insei (Demonspawn Chaos Knight)         Turns: 320, Time: 00:01:36

Health: -1/36      AC:  5    Str: 12    XL:     2   Next: 68%
Magic:  2/2        EV: 11    Int: 13    God:    Xom [....*.]
Gold:   34         SH:  0    Dex: 14    Spells: 1/1 levels left

rFire   . . .      SeeInvis .     - Unarmed
rCold   . . .      Faith    .   (no shield)
rNeg    . . .      Spirit   .   a - +2 leather armour
rPois   .          Reflect  .   (no helmet)
rElec   .          Harm     .   (no cloak)
rCorr   .          Rampage  .   (no gloves)
Will    .....      NoTele   +   (no boots)
Stlth   ..........              (no amulet)
HPRegen 0.12/turn               (no ring)
MPRegen 0.16/turn               (no ring)

@: berserking, very quick
A: magic regeneration, agile 1, high mp 1, wild magic 1
a: Renounce Religion


You were in the Dungeon.
You worshipped Xom.
You were a beloved toy of Xom.
You visited 1 branch You collected 34 gold pieces.

Inventory:

Armour
 a - a +2 leather armour (worn)
Scrolls
 f - a scroll of holy word {unknown}
 g - 3 scrolls of identify
 i - a scroll of immolation {unknown}
Potions
 b - 2 potions of curing
 c - a potion of heal wounds
 d - 2 potions of haste
 e - 2 potions of magic
 h - 5 potions of mutation


   Skills:
 - Level 3.0 Fighting
 - Level 1.7 Armour
 - Level 0.8 Dodging
 + Level 5.7 Unarmed Combat


You had one spell level left.
You didn't know any spells.
Your spell library was empty.

Dungeon Overview and Level Annotations

Branches:
Dungeon (1/1)

Altars:


Innate Abilities, Weirdness & Mutations

You regenerate magic rapidly.
You are agile. (Dex +2)
You have an increased reservoir of magic. (+10% MP)
Your spells are a little harder to cast, but a little more powerful.


Message History

You start resting.
Really quaff the potion of mutation?
You feel extremely strange.
You feel more energetic.
You feel less in control of your magic.
You feel agile.
You start resting.
HP restored.
As you open the door, it creaks loudly!
A water elemental comes into view.
The water elemental hits you!
The water elemental engulfs you in water!
There is an open door to the Ecumenical Temple, spattered with blood here.
You hit the water elemental.
The water elemental is lightly damaged.
Your lungs strain for air!
The water elemental closely misses you.
You slip free of the water engulfing you.
You gasp with relief as air once again reaches your lungs. "Go forth and destroy!"
A red film seems to cover your vision as you go berserk!
You feel yourself moving faster!
You feel mighty!
You are now a beloved toy of Xom.
You punch the water elemental!
The water elemental is moderately damaged.
The water elemental hits you!
* * * LOW HITPOINT WARNING * * *
You barely miss the water elemental.
The water elemental is moderately damaged.
You punch the water elemental!
The water elemental is severely damaged.
The water elemental hits you.
* * * LOW HITPOINT WARNING * * *
You are too berserk!
You closely miss the water elemental.
The water elemental is severely damaged.
You barely miss the water elemental.
The water elemental is severely damaged.
The water elemental hits you.
You die...
Xom chuckles heartily!

▓<..#...#### ##.#
▓...#......#####..#
▓..##.......#..#..#
▓##.##.##...#..#..###+#+##
##.##.###..##'#..#.......
▓#.####.##..###...'.⌠.....
▓.###..##..####...#...####
▓#.....##..###..E.#.⌠.#
###..##...##..@..#...#
##s.##....#......#+###
#..###..##.#.....# #§.#
#.. ####....# ▓▓▓▓ ▓▓▓
▓▓▓▓▓▓


You could see a water elemental.

Vanquished Creatures
  A human (D)
  2 endoplasms (D)
  2 rats (D)
5 creatures vanquished.

Vanquished Creatures (others)
  A scorpion (D)
  3 plants (D)
4 creatures vanquished.

Grand Total: 9 creatures vanquished

Notes
Turn   | Place    | Note
-------+----------+-------------------------------------------
     0 | D        | MikeHunt the Demonspawn Chaos Knight began the quest for
                  | the Orb.
     0 | D        | Reached XP level 1. HP: 18/18 MP: 1/1
    12 | D        | Reached skill level 3 in Unarmed Combat
    59 | D        | Reached skill level 4 in Unarmed Combat
    70 | D        | XOM: smoke on damage
    71 | D        | XOM: potion effect (haste)
    74 | D        | XOM: smoke on damage
    84 | D        | Reached skill level 5 in Unarmed Combat
    84 | D        | Gained mutation: You regenerate magic rapidly. [demonic
                  | ancestry]
    84 | D        | Reached XP level 2. HP: 17/24 MP: 2/2
    84 | D        | Noticed a scorpion
    87 | D        | XOM: fog
   103 | D        | XOM: cast spell 'Death Channel'
   116 | D        | Killed a scorpion
   116 | D        | XOM: divine lightning
   284 | D        | Gained mutation: You have an increased reservoir of magic.
                  | (+10% MP) [potion of mutation]
   284 | D        | Gained mutation: Your spells are a little harder to cast,
                  | but a little more powerful. [potion of mutation]
   284 | D        | Gained mutation: You are agile. (Dex +2) [potion of
                  | mutation]
   311 | D        | Noticed a water elemental
   315 | D        | XOM: potion effect (berserk rage)
   318 | D        | HP: 1/36 [water elemental (5)]
   320 | D        | Slain by a water elemental

Illustrated notes

Levels and vault maps discovered:
D:        dungeon_sprint_mu [sprint_mu_entry_cave, sprint_mu_temple_rooms,
          sprint_mu_d1_spiders, sprint_mu_d2_genie, sprint_mu_d3_branching,
          sprint_mu_orc_legion, sprint_mu_elf_gauntlet, sprint_mu_hive_nellie,
          sprint_mu_lair_fedhas, sprint_mu_vaults_butterflies,
          sprint_mu_slime_circle, sprint_mu_swamp_cave, sprint_mu_shoals_kraken,
          sprint_mu_blade_basic, sprint_mu_crypt_chambers,
          sprint_mu_tomb_spiral, sprint_mu_vestibule_basic,
          sprint_mu_gehenna_hellfire, sprint_mu_dis_giant,
          sprint_mu_tartarus_statrot, sprint_mu_cocytus_islands, sprint_mu_zot1]

Skill      XL: |  1 |
---------------+----+-----
Unarmed Combat | 5 |  5.7
Fighting       | |  3.0
Armour         | |  1.7
Dodging        | |  0.8

Action                   || total
-------------------------++-------
Melee: Unarmed           ||    38
  Use: Potion            ||     2
       Scroll            ||     1
 Stab: Sleeping          ||     1
Armor: Leather armour    ||     8
Dodge: Dodged            ||    11

Table legend: (Time is in decaauts)
 A = Elapsed time spent in this place.
 B = Non-inter-level travel time spent in this place.
 C = Inter-level travel time spent in this place.
 D = Time resting spent in this place.
 E = Time spent auto-exploring this place.
 F = Levels seen in this place.
 G = Mean time per level.
                   A        B        C        D        E       F      G
               +--------+--------+--------+--------+--------+-----+--------+
         Total |    311 |    311 |      0 |    189 |      0 |   1 |  311.0 |
       Dungeon |    311 |    311 |      0 |    189 |      0 |   1 |  311.0 |
               +--------+--------+--------+--------+--------+-----+--------+

Top non-repeatable levels by time:
       D: 311 daAuts
